[Event "*** Titled Tuesday Blitz"]
[Site "Chess.com"]
[Date "2021.03.02"]
[Round "8"]
[White "MateusViageiro"]
[Black "Kislov_Oleg"]
[Result "1/2-1/2"]
[WhiteElo "2364"]
[BlackElo "2491"]
[TimeControl "180+1"]
[EndTime "11:31:18 PST"]
[Termination "Game drawn by agreement"]

1. e4 e6 2. d4 d5 3. Nd2 Nf6 4. e5 Nfd7 5. Bd3 c5 6. c3 Nc6 7. Ne2 cxd4 8. cxd4 f6 9. exf6 Nxf6 10. O-O Bd6 11.
Nf3 O-O 12. Bf4 Bxf4 13. Nxf4 Qd6 14. Ne2 e5 15. dxe5 Nxe5 16. Nxe5 Qxe5 17. Qc2 Bg4 18. Rfe1 Rac8 19. Qd2 Kh8 20. Nc3 Qd4 21. h3 Bf5 22. Rad1 Bxd3 23. Qxd3 Qb6 24. Re2 Rcd8 25. Qd4 Qc6 26.
Qxa7 b6 27. Qa4 Qd6 28. Qd4 h6 29. Red2 Rf7 30. Qh4 Rfd7 31. Rd4 Qe5 32. Qf4 Qxf4 33. Rxf4 d4 34. Ne4 Nd5 35. Rf3 Nb4 36. a3 Na6 37. Rfd3 Nc5 38. Nxc5 bxc5 39. Rc1 Rd5 40. b4 cxb4 41. axb4 Kg8 42. Kf1 Kf7 43. Ke2 Ke6 44. Kd2 Rb8 45. Rc4 Ke5 46. Rg3 g5 47.
Kd3 Rdb5 48. Rxd4 Rxb4 49. Re3+ Kf5 50. Rf3+ Kg6 51. Rd6+ Kg7 52. Rd7+ Kg6 53. Rff7 Rb3+ 54. Ke2 Rb2+ 55. Ke3 R8b3+ 56. Ke4 Rb4+ 57. Ke3 R4b3+ 58. Ke4 Re2+ 59. Kd4 Rd2+ 60. Ke4 Rxd7 61. Rxd7 Rb4+ 62. Ke3 1/2-1/2

[Event "*** Titled Tuesday Blitz"]
[Site "Chess.com"]
[Date "2021.03.02"]
[Round "8"]
[White "Pogosian_Manvel"]
[Black "Frogo47"]
[Result "0-1"]
[WhiteElo "2426"]
[BlackElo "2532"]
[TimeControl "180+1"]
[EndTime "11:31:21 PST"]
[Termination "Frogo47 won by resignation"]

1. d4 Nf6 2. Nf3 g6 3. c4 Bg7 4. Nc3 O-O 5. e4 d6 6. Be2 e5 7. O-O exd4 8. Nxd4 Re8 9. f3 c6 10. Be3 d5 11. cxd5 Nxd5 12. Nxd5 cxd5 13. Bb5 Bd7 14. Qb3 Nc6 15. Bxc6 bxc6 16. exd5 Rb8 17. Qa3 Qb6 18.
Rad1 cxd5 19. Rd2 Qb4 20. Qxb4 Rxb4 21. Bf2 a5 22. a3 Rb7 23. Rfd1 a4 24. g4 h5 25. h3 hxg4 26. hxg4 Reb8 27. Bg3 Rc8 28. Bf2 Rcb8 29. Bg3 Re8 30. Bf2 Bf6 31. Kg2 Kg7 32. Rc2 Reb8 33. Rdd2 Rc8 34. Rxc8 Bxc8 35. Be3 Be5 36.
f4 Bf6 37. g5 Be7 38. Nc6 Be6 39.
Bd4+ Kf8 40. Kf1 Ke8 41. Rh2 Kd7 42. Ne5+ Kc7 43. Rc2+ Kd8 44. Rc6 Ke8 45. Kg2 Bd8 46. Ra6 Bc7 47. Rxa4 Bxe5 48. Bxe5 Rb3 49. Bc3 Kd7 50.
Ra7+ Kc6 51. a4 Kc5 52. Rc7+ Kb6 53. Re7 Kc5 54. a5 Kc4 55. Rc7+ Kd3 56. a6 d4 57. a7 Bd5+ 58. Kg3 dxc3 59. bxc3 Rxc3 60. Rd7 Ra3 61. Rxd5+ Ke4+ 62. Kg4 Kxd5 63. f5 Ra4+ 64. Kg3 gxf5 65. a8=Q+ Rxa8 66. Kf4 Ra6 67. Kxf5 Re6 68. Kg4 Rg6 69. Kh5 Ke6 70. Kg4 Ke5 71. Kh4 Kf5 72. Kh5 Rxg5+ 73. Kh4 f6 0-1

[Event "*** Titled Tuesday Blitz"]
[Site "Chess.com"]
[Date "2021.03.02"]
[Round "8"]
[White "masrahi"]
[Black "Aslanov_Umid"]
[Result "0-1"]
[WhiteElo "2217"]
[BlackElo "2395"]
[TimeControl "180+1"]
[EndTime "11:31:23 PST"]
[Termination "Aslanov_Umid won on time"]

1. d4 d5 2. Bf4 Nf6 3. e3 c5 4. c3 Nc6 5. Nd2 Bf5 6. Qb3 Qb6 7.
dxc5 Qxb3 8. axb3 e5 9. Bg3 Bxc5 10. Ngf3 Bd6 11. Bb5 Nd7 12. Nd4 exd4 13. Bxd6 dxe3 14.
fxe3 a6 15. Be2 Nde5 16. O-O Bg6 17. b4 Kd7 18. Bc5 Nd3 19. Bxd3 Bxd3 20. Rxf7+ Ke6 21.
Rxb7 g5 22. Nf3 g4 23. Nd4+ Nxd4 24. Bxd4 Rhf8 25. Rb6+ Kd7 26. Bc5 Rf5 27. Rb7+ Kc6 28. Rxh7 Re8 29. Rh6+ Kb7 30. Rg6 g3 31. Rxg3 Re6 32. h3 Ref6 33. Kh2 Rf2 34. Rd1 Be4 35. c4 Re2 36. cxd5 Rff2 37. Rg1 Rxb2 38. d6 Kc6 39. h4 a5 40. Rg4 Bf3 41. d7 Kxd7 42. Rg7+ Kc6 43. e4 Rfc2 44. Rg6+ Kc7 45. Bd6+ Kd7 46. e5 axb4 47. Kh3 Be4 48. Rg7+ Ke6 49. h5 Rc3+ 50. Kh4 b3 51. h6 Re2 52. Ba3 Ra2 53. h7 Bxh7 54. Rxh7 Rxa3 55. Rb7 Kxe5 56. g4 Ra2 57. Kg5 Rh2 58. Rb1 Rhh3 59. Rb2 Kd4 60. Rd2+ Rcd3 61. Rxb3 Rxd2 62. Rxh3 Ke5 63. Rh2 Rxh2 0-1

[Event "*** Titled Tuesday Blitz"]
[Site "Chess.com"]
[Date "2021.03.02"]
[Round "8"]
[White "FMLorneTwitch"]
[Black "Matensien"]
[Result "1-0"]
[WhiteElo "2418"]
[BlackElo "2472"]
[TimeControl "180+1"]
[EndTime "11:31:25 PST"]
[Termination "FMLorneTwitch won on time"]

1. d4 Nf6 2. Bg5 Ne4 3. Bf4 c5 4. f3 Qa5+ 5. c3 Nf6 6. Nd2 cxd4 7. Nb3 Qb6 8. Qxd4 d6 9. Qxb6 axb6 10. e4 e5 11. Be3 Be6 12. Bb5+ Nbd7 13. c4 Be7 14.
Ne2 O-O 15. O-O Rfc8 16. Rfc1 Nc5 17. Nxc5 dxc5 18. Nc3 Rd8 19. Nd5 Bxd5 20. cxd5 Bd6 21. a4 Ne8 22. b3 Nc7 23. Be2 f6 24. Rab1 Rd7 25. Kf2 g6 26. g4 Kf7 27. h4 Na6 28. Bb5 Rdd8 29. Rh1 Nb4 30. Ke2 Na2 31. Kd2 Nb4 32.
Rbf1 f5 33. gxf5 gxf5 34. Rfg1 Rg8 35. Bd7 Rxg1 36. Rxg1 f4 37. Bf2 Rh8 38. h5 Be7 39.
Kc3 Na6 40. Be6+ Kf8 41. h6 Bf6 42. Rg4 Nc7 43. Bd7 Rg8 44. Rxg8+ Kxg8 45. Bf5 Bg5 46. d6 Na6 47. Kc4 Nb4 48. Be1 Nc6 49. Kd5 Kf7 50. Bd7 Nd4 51. Bg4 Ke8 52. Bf2 Bxh6 53. Kxe5 Nxb3 54. Kd5 Bg5 55. e5 Na5 56. e6 Nc6 57.
Bh5+ Kd8 58. Be1 Bf6 59. Bd2 Bg5 60. Bc3 h6 61. Bg7 Nd4 62. Bg4 Nxe6 63. Bxe6 h5 64.
Bh3 h4 65. Be5 Bh6 66. Ke4 Bg5 67. Bxf4 Bxf4 68. Kxf4 c4 69. Ke4 Ke8 70. Kd4 1-0

[Event "*** Titled Tuesday Blitz"]
[Site "Chess.com"]
[Date "2021.03.02"]
[Round "8"]
[White "1977Ivan"]
[Black "Beca95"]
[Result "1-0"]
[WhiteElo "2791"]
[BlackElo "2885"]
[TimeControl "180+1"]
[EndTime "11:31:29 PST"]
[Termination "1977Ivan won by resignation"]

1. e4 e5 2. Nf3 Nf6 3. Nc3 Bb4 4. Nxe5 O-O 5. Nd3 Bxc3 6. dxc3 Nxe4 7. Be2 d6 8. O-O Nd7 9. Nf4 Re8 10. c4 Ndf6 11.
Be3 h6 12. a4 a5 13. Ra3 b6 14. f3 Nc5 15. Bf2 Bd7 16. b3 Bf5 17. Ra1 g5 18.
Nd5 Nxd5 19. cxd5 Qf6 20. Qd2 Qb2 21. Bxc5 bxc5 22. Bb5 Re7 23. Rac1 Kg7 24. Kh1 Qd4 25. Qxd4+ cxd4 26. Rfd1 d3 27. cxd3 Kf6 28. d4 h5 29.
Kg1 g4 30. Kf2 gxf3 31. gxf3 h4 32. Re1 Rxe1 33. Rxe1 Rg8 34. Rc1 h3 35. Bf1 Rb8 36. Rc3 Rb4 37. Ke3 Rb8 38. Kf4 Rb4 39. Bc4 Rb8 40.
Bb5 Rg8 41. Rxc7 Rg2 42. Rc6 Rxh2 43. Rxd6+ Kg7 44. Rc6 Bg6 45. Kg3 Rd2 46. Kxh3 Rxd4 47. d6 Bf5+ 48. Kg3 Be6 49. Rb6 Bxb3 50. d7 Be6 51.
Rb7 Kf6 52. Kf2 Ke7 53. Ke3 Rd6 54. Ra7 Kf6 55. Rxa5 Bxd7 56. Bxd7 Rxd7 57. Rb5 Rd1 58. a5 Ra1 59. Kd4 Kg6 60. f4 f5 61. Kc5 Ra4 62.
Kb6 Rxf4 63. a6 Ra4 64. Ra5 Rb4+ 65. Kc6 Rb8 66. a7 Ra8 67. Kb7 Rxa7+ 68. Kxa7 Kg5 69. Kb6 Kf4 70. Kc5 Ke4 71. Kc4 f4 72. Kc3 Ke3 73.
Re5+ Kf2 74. Kd2 f3 75. Rf5 1-0

[Event "*** Titled Tuesday Blitz"]
[Site "Chess.com"]
[Date "2021.03.02"]
[Round "8"]
[White "Gabrielian_Artur"]
[Black "Chopper1905"]
[Result "0-1"]
[WhiteElo "2792"]
[BlackElo "2947"]
[TimeControl "180+1"]
[EndTime "11:31:31 PST"]
[Termination "Chopper1905 won by resignation"]

1. e4 c5 2. Nc3 d6 3. d4 cxd4 4. Qxd4 Nc6 5. Qd2 Nf6 6. b3 e6 7. Bb2 a6 8. O-O-O b5 9. f3 Be7 10. Kb1 Nd7 11. Nge2 Nc5 12. Nd4 Bd7 13. h4 Rc8 14.
Nxc6 Rxc6 15. Ne2 Bf6 16. Nd4 Rb6 17. g4 Bxh4 18. Bg2 e5 19. Nf5 Bxf5 20. exf5 Bg5 21. Qf2 Qc7 22. Rh5 h6 23. Rdh1 f6 24. Rd1 O-O 25.
Rhh1 Rfb8 26. Ka1 a5 27. Qe2 Kf8 28. a3 Rc8 29. Rd5 Bf4 30. Rhd1 Qc6 31. Bf1 Nb7 32. Kb1 b4 33. a4 Qe8 34. Qf2 Qd8 35. Bc4 Rbc6 36. Qe2 Qc7 37. R5d3 Rxc4 38. bxc4 Qxc4 39.
Qe4 Qxe4 40. fxe4 Ke7 41. Rd5 Rc5 42. Bc1 Bxc1 43. Kxc1 Kd7 44. Kb2 Kc6 45. R1d3 Rxd5 46. Rxd5 Nc5 47. Kc1 Nxe4 48. Rxa5 Nc3 49. Ra7 e4 50. Kd2 d5 51. Ke3 Kc5 52. Rc7+ Kd6 53. Rxg7 Nxa4 54. Rf7 Ke5 55. Re7+ Kd6 56. Re6+ Kc5 57.
Rxf6 Nb2 58. Re6 Nc4+ 59. Kf4 Kd4 60. f6 Kc3 61. f7 Kxc2 62. f8=Q b3 63. Re8 b2 64.
Rb8 e3 65. Qb4 e2 66. Qb3+ Kd2 67. Qb4+ Kd1 68. Kf3 e1=Q 69. Qb3+ Kc1 70. Kf4 Qf2+ 71. Qf3 Qxf3+ 72. Kxf3 b1=Q 73. Rxb1+ Kxb1 0-1

[Event "*** Titled Tuesday Blitz"]
[Site "Chess.com"]
[Date "2021.03.02"]
[Round "8"]
[White "AwareIdea"]
[Black "Mbneu"]
[Result "0-1"]
[WhiteElo "2437"]
[BlackElo "2318"]
[TimeControl "180+1"]
[EndTime "11:31:32 PST"]
[Termination "Mbneu won by resignation"]

1. d4 Nf6 2. c4 c5 3. Nf3 cxd4 4.
Nxd4 e5 5. Nb5 d5 6. cxd5 Bc5 7. N1c3 O-O 8. g3 e4 9. Bg2 e3 10. Bxe3 Bxe3 11. fxe3 Ng4 12. Qd4 Re8 13. e4 a6 14.
Na3 b5 15. Nc2 Nd7 16. h3 Nge5 17. O-O Qg5 18. Qe3 Qg6 19. Qf4 Nf6 20. g4 h5 21. g5 Nh7 22. h4 f6 23. gxf6 Nxf6 24. Ne3 Nh7 25. Nf5 Ng4 26. Bf3 Bxf5 27. exf5 Qb6+ 28.
Kh1 Nhf6 29. d6 Rad8 30. Nd5 Nxd5 31. Bxd5+ Kh8 32. Bf3 Qxd6 33. Qxd6 Rxd6 34. Rac1 Rd2 35.
Rc6 Rxb2 36. Bxg4 hxg4 37. f6 gxf6 38. Rfxf6 Rexe2 39. Rh6+ Kg7 40. Rhg6+ Kf7 41. Rxg4 Re1+ 42. Rg1 Rxg1+ 43. Kxg1 Rxa2 44. Rb6 Kg7 45. Kf1 Ra4 46. Kg2 b4 47. Kf3 a5 48. Kg4 b3+ 49. Kg5 Rb4 50. Ra6 b2 51. Ra7+ Kf8 52. Ra8+ Ke7 53. Ra7+ Kd6 54.
Ra6+ Kc7 55. Ra7+ Rb7 56. Rxa5 b1=Q 57. Rf5 Rb5 58. Rxb5 Qxb5+ 59. Kg6 Qc6+ 60. Kg5 Qg2+ 61. Kh6 Qc6+ 62. Kg5 Qg2+ 63. Kh6 Qg4 64. h5 Kd7 65. Kh7 Qxh5+ 66. Kg7 Qf5 67. Kh6 Qe6+ 68. Kg7 Kd6 69. Kf8 Ke5 70. Kg7 Kf5 71. Kh7 Kg5 72. Kg7 Qe7+ 73.
Kg8 Kg6 0-1

[Event "*** Titled Tuesday Blitz"]
[Site "Chess.com"]
[Date "2021.03.02"]
[Round "8"]
[White "Nozdrachev_Leonid"]
[Black "Loy_Konstantin"]
[Result "1/2-1/2"]
[WhiteElo "2530"]
[BlackElo "2356"]
[TimeControl "180+1"]
[EndTime "11:31:36 PST"]
[Termination "Game drawn - insufficient material"]

1. e4 c5 2. c3 Nf6 3. e5 Nd5 4. d4 cxd4 5. cxd4 d6 6. Nf3 Nc6 7.
Bc4 e6 8. O-O Be7 9. Re1 O-O 10.
Bd3 dxe5 11. dxe5 Ndb4 12. Be4 Qxd1 13. Rxd1 Rd8 14. Rxd8+ Nxd8 15. Nc3 Bd7 16. Be3 Bc6 17. Bxc6 Ndxc6 18. Rd1 Rd8 19. Rxd8+ Bxd8 20. Nb5 Nd3 21. b3 a6 22. Nd6 b5 23. Nb7 Bc7 24. Kf1 Ndxe5 25. Nxe5 Bxe5 26. Nc5 a5 27. Ke2 Bc7 28.
a4 bxa4 29. bxa4 Kf8 30. Kd3 Ke7 31. Kc4 f5 32. Kb5 Kd6 33. Nb7+ Kd5 34. Bb6 Bxb6 35. Kxb6 e5 36. g3 g5 37. Nc5 e4 38. Nd7 Ne5 39.
Nf6+ Kd4 40. Nxh7 Nf3 41. Kxa5 f4 42. Nxg5 Nxg5 43. gxf4 Nh3 44. Kb6 Nxf2 45. a5 e3 46. a6 e2 47. a7 e1=Q 48. a8=Q Qb4+ 49. Kc7 Qe7+ 50. Kb6 Qf6+ 51. Ka5 Qf5+ 52. Ka4 Qxf4 53. Ka3 Qe3+ 54. Ka2 Qd2+ 55. Ka1 Qc1+ 56. Ka2 Nd3 57. Qa4+ Kd5 58. Qb3+ Ke4 59. h4 Qd2+ 60. Ka3 Qc1+ 61. Ka2 Qe3 62. Qe6+ Kf3 63. Qf5+ Qf4 64. Qxd3+ Kg4 65.
Qh7 Qf2+ 66. Kb1 Qxh4 67. Qe4+ Kh5 68. Qf5+ Qg5 69. Qf3+ Qg4 70. Qc3 Kh4 71. Qc2 Qg1+ 72. Ka2 Qg3 73. Qb2 Kh3 74. Qh8+ Qh4 75. Qb2 Qg3 76. Qb3 Qxb3+ 77. Kxb3 1/2-1/2

[Event "*** Titled Tuesday Blitz"]
[Site "Chess.com"]
[Date "2021.03.02"]
[Round "8"]
[White "Taktikmonster"]
[Black "Jungle_Jaguar"]
[Result "0-1"]
[WhiteElo "2366"]
[BlackElo "2592"]
[TimeControl "180+1"]
[EndTime "11:31:39 PST"]
[Termination "Jungle_Jaguar won by checkmate"]

1. e4 c5 2. Nf3 d6 3. d4 cxd4 4. Nxd4 Nf6 5. Nc3 Nc6 6. f3 e5 7. Nb3 Be7 8. Be3 O-O 9. Qd2 Be6 10. O-O-O a5 11. Bb5 Nb4 12. a3 d5 13. axb4 d4 14.
Bxd4 exd4 15. Qxd4 Bxb3 16. Qxd8 Bxd8 17. cxb3 axb4 18.
Nd5 Nxd5 19. exd5 Ra5 20. Bc4 Bg5+ 21. Kb1 Rd8 22. Rhe1 Kf8 23. g3 Bf6 24. f4 Rda8 25.
Kc2 Ra2 26. Rb1 Rc8 27. Kd3 Rc5 28. Ke4 Ra8 29. Red1 Re8+ 30. Kf3 Rd8 31. Ra1 Bxb2 32. Ra7 b5 33. Ra5 Rb8 34. d6 Bf6 35. d7 Bd8 36. Rxb5 Rcxb5 37. Bxb5 Rxb5 38. Ke4 Ke7 39. f5 f6 40. g4 Bc7 41. h4 Re5+ 42. Kf3 Rc5 43. Rd4 Rb5 44. Ke4 Rb6 45. Kd3 Bd6 46. Kc4 Kxd7 47.
Re4 Rc6+ 48. Kd5 Rc5+ 49. Kd4 Re5 50. Rf4 Rd5+ 51. Kxd5 Bxf4 52. Kc4 Bg3 53. h5 Be1 54. Kd5 Bc3 55. Kc5 Be1 56. Kd5 Bf2 57. Kc4 Kd6 58. Kxb4 Ke5 59. Ka5 Kf4 60. b4 Kxg4 61. b5 Kxh5 62. b6 Kg5 63. b7 Bg3 64. Kb6 h5 65. Kc6 h4 66. Kd5 h3 67. Ke4 h2 68. Kf3 h1=Q+ 69.
Kxg3 Qxb7 70. Kh2 Qb2+ 71. Kh3 Qe2 72. Kg3 Kxf5 73. Kh3 Qg4+ 74. Kh2 Kf4 75. Kh1 Kf3 76. Kh2 Qg2# 0-1

[Event "*** Titled Tuesday Blitz"]
[Site "Chess.com"]
[Date "2021.03.02"]
[Round "8"]
[White "Firouzja2003"]
[Black "PaulfromSPb"]
[Result "1/2-1/2"]
[WhiteElo "3123"]
[BlackElo "2738"]
[TimeControl "180+1"]
[EndTime "11:31:41 PST"]
[Termination "Game drawn by repetition"]

1. d4 Nf6 2. Bg5 d5 3. e3 c5 4. Bxf6 gxf6 5. dxc5 e6 6. c4 dxc4 7. Nd2 Bxc5 8. Bxc4 Nc6 9. Ngf3 O-O 10. O-O Kh8 11.
Qc2 Be7 12. Rfd1 Qa5 13. a3 Qh5 14. Nf1 Rg8 15. Ng3 Qg6 16. Bd3 Qh6 17. Qc3 Qg7 18. Bb5 f5 19. Bxc6 Bf6 20. Nd4 bxc6 21. Qxc6 Rb8 22.
Nh5 Qg6 23. Nf4 Qg7 24. g3 Bb7 25. Qc7 Rgc8 26. Qa5 Qg4 27. h3 Qg5 28. Nde2 Bf3 29. Rd2 e5 30. Nd3 Qh5 31. Nxe5 Bxe2 32. Nxf7+ Qxf7 33. Rxe2 Rxb2 34. Qxf5 Rxe2 35. Qxc8+ Kg7 36. Qg4+ Qg6 37.
Rb1 Qxg4 38. hxg4 a5 39. Rb5 Bc3 40. Rc5 Rc2 41. a4 Rc1+ 42. Kg2 Bd2 43. Rd5 Rc2 44. Kf1 Bb4 45. f4 Ra2 46. Rd7+ Kg8 47. f5 Rxa4 48. e4 Bc3 49. Re7 Bf6 50. Re6 Bd4 51. Ke2 Rb4 52. Kd3 a4 53. e5 a3 54. Re8+ Kf7 55.
Ra8 Bxe5 56. Rxa3 Rxg4 57. Ra5 Kf6 58. Ke3 Kxf5 59. Kf2 Rg5 60. Ra3 h5 61. Rb3 Kg6 62. Ra3 Kf5 63. Rf3+ Ke6 64. Rb3 Rf5+ 65. Kg2 Kf6 66.
Kh3 Kg5 67. Re3 Bf6 68. Rd3 Be5 69. Re3 Bg7 70. Rd3 Kg6 71. Rd6+ Kg5 72. Rd3 Re5 73. Rb3 Bf6 74. Rd3 Rc5 75. Rb3 Be5 76. Re3 Rd5 77.
Re4 Bd6 78. Re3 Re5 79. Rc3 Rf5 80. Rd3 Be5 81. Re3 1/2-1/2

[Event "*** Titled Tuesday Blitz"]
[Site "Chess.com"]
[Date "2021.03.02"]
[Round "8"]
[White "StockholmMissile"]
[Black "MirMan90"]
[Result "0-1"]
[WhiteElo "2588"]
[BlackElo "2746"]
[TimeControl "180+1"]
[EndTime "11:31:41 PST"]
[Termination "MirMan90 won on time"]

1. d4 g6 2. e4 Nh6 3. h4 Bg7 4. h5 d5 5. e5 c5 6. c3 Nc6 7. Be2 cxd4 8. cxd4 Qb6 9. Be3 Qxb2 10. Nd2 Nf5 11. Rb1 Qa3 12. h6 Bf8 13. Rb3 Nxe3 14. fxe3 Qxa2 15. Ngf3 Qa5 16. Ng5 f6 17. exf6 exf6 18.
Nf3 Bd6 19. O-O O-O 20. Rb5 Qd8 21. Rxd5 Kh8 22. Rb5 a6 23. Rb1 Re8 24. Nc4 Bf8 25. d5 Na7 26. d6 Nb5 27. Qd2 Bxh6 28. Rfd1 Bd7 29. Qb2 Rc8 30. Nd4 Rxc4 31. Bxc4 Bxe3+ 32. Kf1 Nxd6 33. Bd5 b5 34. Re1 Kg7 35. Rbd1 Bg4 36.
Rd3 Bxd4 37. Qxd4 Rxe1+ 38. Kxe1 Qc8 39. Kf2 Qf5+ 40. Kg1 Qe5 41. Qxe5 fxe5 42. Bc6 Nc4 43. Rb3 Kf6 44. Bb7 Bd1 45. Rb4 Nd6 46. Bxa6 Be2 47.
Rb2 Bc4 48. Rd2 Ke6 49. Rd1 e4 50. Kf2 Ke5 51. Rh1 h5 52. Rc1 Nf5 53. Rd1 e3+ 54.
Kf3 Bd5+ 55. Ke2 Bxg2 56. Bxb5 Bh3 57. Rg1 Bg4+ 58. Ke1 Kf4 59. Bd3 Nd4 60. Rf1+ Nf3+ 61. Kd1 g5 62. Be2 h4 63. Kc2 Kg3 64. Kd3 Ne5+ 65.
Ke4 Bxe2 66. Rg1+ Kf2 67. Rxg5 Nf3 68. Rf5 Bd1 69. Rf7 h3 70. Rh7 h2 71. Kd3 e2 72.
Rxh2+ Nxh2 73. Kd2 e1=Q+ 0-1

[Event "*** Titled Tuesday Blitz"]
[Site "Chess.com"]
[Date "2021.03.02"]
[Round "8"]
[White "Azde"]
[Black "gumimis"]
[Result "1-0"]
[WhiteElo "2440"]
[BlackElo "2301"]
[TimeControl "180+1"]
[EndTime "11:31:42 PST"]
[Termination "Azde won on time"]

1. d4 Nf6 2. c4 g6 3. Nc3 Bg7 4.
e4 O-O 5. f3 d6 6. Be3 c5 7.
dxc5 dxc5 8. Qxd8 Rxd8 9. Bxc5 Nc6 10. Nd5 Nd7 11. Bxe7 Nxe7 12. Nxe7+ Kf8 13. Nd5 Bxb2 14. Rb1 Bg7 15. Nh3 Ne5 16. Nf2 Be6 17. f4 Nc6 18. Bd3 b6 19. O-O Rac8 20. Rfd1 Na5 21. Rbc1 Bd4 22.
Be2 Bc5 23. g3 f5 24. Kg2 Bxf2 25. Kxf2 fxe4 26. Ke3 Bxd5 27. cxd5 Rxc1 28. Rxc1 Rxd5 29. Rc7 h5 30. Kxe4 Rd6 31. Rxa7 Re6+ 32. Kf3 Nc6 33.
Ra4 Rd6 34. Ke3 Ke7 35. Bd3 Kf6 36. h3 Ne7 37. Be4 Re6 38. Kf3 Nf5 39. g4 hxg4+ 40. hxg4 Nd6 41. g5+ Kg7 42. Ra7+ Kf8 43. Bd5 Re1 44. Rd7 Nf5 45. Rf7+ Ke8 46. Rb7 b5 47. Bc6+ Kf8 48. Bxb5 Rb1 49. a4 Rb4 50. Rb8+ Ke7 51. Re8+ Kf7 52. Re5 Rb3+ 53. Kf2 Rb4 54. Kf3 Rb3+ 55.
Ke4 Nd6+ 56. Kd4 Nf5+ 57. Kc5 Rc3+ 58. Kb4 Rf3 59. Re4 Nd6 60. Bc4+ Kg7 61. Rd4 Nf5 62. Rd7+ Kf8 63. Rf7+ Ke8 64. Rxf5 gxf5 65. g6 Rg3 66.
Bf7+ Kf8 67. a5 Rf3 68. a6 Rxf4+ 69. Kb5 Rf1 70. Bb3 Ra1 71. Ba4 1-0

[Event "*** Titled Tuesday Blitz"]
[Site "Chess.com"]
[Date "2021.03.02"]
[Round "8"]
[White "Gloomy_Wanderer"]
[Black "Natalya_Buksa"]
[Result "0-1"]
[WhiteElo "2689"]
[BlackElo "2526"]
[TimeControl "180+1"]
[EndTime "11:31:49 PST"]
[Termination "Natalya_Buksa won on time"]

1. d4 d5 2. c4 e6 3. Nf3 Nf6 4.
g3 Be7 5. Bg2 O-O 6. O-O dxc4 7.
Ne5 c5 8. dxc5 Qc7 9. Nxc4 Rd8 10. Nbd2 Bxc5 11. b3 Bd4 12. Rb1 Nc6 13. e3 Bc5 14.
Bb2 e5 15. Bxc6 Qxc6 16. Nxe5 Qa6 17. Qc2 Bb4 18. Qc4 Bxd2 19. Qxf7+ Kh8 20. Qc7 Be6 21. Rfd1 Qb6 22. Nf7+ Bxf7 23. Qxf7 Rf8 24. Qc4 Rac8 25. Qd4 Qxd4 26. Bxd4 Bc3 27. Bxa7 Ra8 28. Bc5 Rfc8 29. b4 Rxa2 30. Rbc1 Be5 31. Bd4 Rxc1 32. Rxc1 Bxd4 33. Rc8+ Ng8 34. exd4 Rb2 35. d5 Rxb4 36. d6 Rd4 37. Rc7 b5 38. d7 b4 39. Rb7 b3 40. Kf1 b2 41. Ke2 h5 42. Ke3 Rxd7 43. Rxb2 Nf6 44. h3 Kh7 45. Kf3 Kg6 46. Rb5 Rd3+ 47. Ke2 Ra3 48. Kf1 Ne4 49. Rb6+ Kh7 50. Rb4 Nf6 51. Kg2 Ra2 52. Kf3 Rc2 53. g4 Kg6 54. Kg3 Rc3+ 55.
Kg2 Kg5 56. Rb5+ Kg6 57. Rb4 hxg4 58. hxg4 Kg5 59. f3 Kg6 60. Kg3 Rd3 61. Rc4 Kh7 62.
Ra4 Nd7 63. Kf4 Kg6 64. Ra6+ Kh7 65. Ra4 Rc3 66. Rb4 Nc5 67. Kg3 Nd3 68. Re4 Nb2 69.
Rd4 Nc4 70. Kf4 Kg6 71. Re4 Kf6 72. g5+ Kg6 73. Re6+ Kf7 74. Re4 Nd2 75. Rd4 Nxf3 76. Re4 Nd2 77. Rd4 Rc4 0-1

[Event "*** Titled Tuesday Blitz"]
[Site "Chess.com"]
[Date "2021.03.02"]
[Round "8"]
[White "Grandelicious"]
[Black "rasmussvane"]
[Result "1-0"]
[WhiteElo "2867"]
[BlackElo "2955"]
[TimeControl "180+1"]
[EndTime "11:31:51 PST"]
[Termination "Grandelicious won on time"]

1. d4 Nf6 2. c4 e6 3. Nc3 Bb4 4.
Bd2 O-O 5. Nf3 b6 6. g3 Bxc3 7. Bxc3 Ne4 8. Rc1 Nxc3 9. Rxc3 Bb7 10. Bg2 d6 11. O-O Nd7 12. d5 e5 13. b4 a5 14. a3 Qe7 15. Nd2 f5 16. Nb3 axb4 17. axb4 Ra3 18. Qc1 Rfa8 19. c5 bxc5 20. bxc5 Rxb3 21.
Rxb3 Nxc5 22. Ra3 Rf8 23. Ra7 f4 24. Qb2 Bc8 25. Qb8 Bb7 26. Rxb7 Rxb8 27. Rxb8+ Kf7 28.
Bh3 Kg6 29. Rc8 Kh6 30. Ra1 e4 31. Ra7 e3 32. Rcxc7 exf2+ 33. Kf1 Qf6 34. Rxg7 fxg3 35. Rxh7+ Kg6 36. Bf5+ Kxf5 37. Raf7 Qxf7 38. Rxf7+ Kg6 39. Rf3 gxh2 40. Rh3 Ne4 41. Rxh2 Nf6 42. Rh3 Kf5 43. Kxf2 Nxd5 44. Kf3 Ke6 45. Ke4 Nf6+ 46. Kd4 Ke7 47. Re3+ Kd7 48. Rf3 Ke6 49. Rh3 Ke7 50. e4 Ke6 51. Rh6 Ke7 52. Rg6 Kf7 53. Rg1 Ke6 54. Ra1 Ke7 55. Ra6 Nd7 56. Ra7 Ke6 57. Ra8 Ke7 58.
Ra7 Ke6 59. Ra5 Nf6 60. Rb5 Ke7 61. Rb7+ Ke6 62. Rb8 Ke7 63. Ra8 Ke6 64. Ra5 Ke7 65. Ke3 Ke6 66. Kf4 Nd7 67. Rh5 Nc5 68. Rh6+ Kd7 69. Kf5 Kc7 70. Rg6 Kd7 71. Rg7+ Kc6 72. Ra7 Kb6 73. Ra1 Kc6 74. Rd1 Kc7 75. Rd4 Kc6 76. Kf6 Kc7 77. Ke7 Nb7 78. Rc4+ Kb6 79. Ke6 Kb5 80. Kd5 Kb6 81. Rc6+ Kb5 82. Rxd6 1-0

[Event "*** Titled Tuesday Blitz"]
[Site "Chess.com"]
[Date "2021.03.02"]
[Round "8"]
[White "Skatchkov_V"]
[Black "Arseniy_Nesterov"]
[Result "1/2-1/2"]
[WhiteElo "2616"]
[BlackElo "2777"]
[TimeControl "180+1"]
[EndTime "11:31:51 PST"]
[Termination "Game drawn - insufficient material"]

1. d4 Nf6 2. c4 e6 3. Nf3 d5 4. g3 c5 5. cxd5 exd5 6. Bg2 Nc6 7. O-O Be7 8. dxc5 Bxc5 9. b3 O-O 10. Bb2 d4 11.
Nbd2 a6 12. Rc1 Ba7 13. Nc4 Re8 14. Qd3 b5 15. Nce5 Nxe5 16. Nxe5 Rxe5 17. Bxa8 Bf5 18. Qf3 Bg4 19. Qb7 Re7 20. Qc6 Bxe2 21. Qxa6 Re8 22.
Qxa7 Bxf1 23. Kxf1 Qxa8 24. Qxa8 Rxa8 25. Bxd4 Ne4 26.
f3 Ng5 27. Rc3 h6 28. a4 bxa4 29. bxa4 Rxa4 30. Bf2 Ra2 31. Kg2 f5 32. h4 Ne6 33.
Rc8+ Kf7 34. Kg1 f4 35. g4 Kf6 36. Rc6 Ke5 37. Rb6 Ra5 38. Kg2 Ra2 39. Rb7 g5 40.
Rh7 gxh4 41. Rxh6 Kd6 42. Rxh4 Nc5 43. Rh6+ Ke7 44. Kg1 Nd3 45. Bh4+ Kf7 46. Rf6+ Kg7 47. Rd6 Nc5 48. Rd4 Ne6 49. Re4 Kf7 50. Bf2 Ra3 51.
Kg2 Ra2 52. Re5 Kf6 53. Rf5+ Kg6 54. Kf1 Ra1+ 55. Ke2 Ra2+ 56. Kf1 Ra1+ 57. Be1 Ra2 58. Rd5 Ng5 59. Rd6+ Kh7 60. Rd3 Kg6 61. Bd2 Ne6 62. Ke2 Kf6 63. Rd5 Ke7 64. Rf5 Kd6 65. Kd1 Ra1+ 66. Kc2 Nd4+ 67. Kb2 Nxf5 68. Bxf4+ Kd5 69.
Kxa1 Nd4 70. g5 Nxf3 71. g6 Ke6 72. Be5 Nxe5 73. g7 Kf7 74. g8=Q+ Kxg8 1/2-1/2

[Event "*** Titled Tuesday Blitz"]
[Site "Chess.com"]
[Date "2021.03.02"]
[Round "8"]
[White "dbrankovic68"]
[Black "AsaHoffmann"]
[Result "1-0"]
[WhiteElo "2475"]
[BlackElo "2297"]
[TimeControl "180+1"]
[EndTime "11:31:52 PST"]
[Termination "dbrankovic68 won on time"]

1. e4 d6 2. d4 Nf6 3. Nc3 c6 4. a4 Qa5 5. Bd3 e5 6. Ne2 Be7 7. O-O O-O 8. h3 Nbd7 9. Rb1 Re8 10. b4 Qc7 11. Be3 Bf8 12. Ng3 g6 13. f4 Bg7 14. f5 exd4 15. Bxd4 Ne5 16. Nce2 d5 17. exd5 cxd5 18. fxg6 hxg6 19. Qd2 Be6 20. Qf4 Nfd7 21.
Bb5 Rac8 22. Bxd7 Nxd7 23. Bxg7 Qxf4 24. Nxf4 Kxg7 25. Rfd1 Rxc2 26. Nxd5 Ne5 27. Nf4 Ba2 28.
Rbc1 Rec8 29. Rxc2 Rxc2 30. Re1 Nc6 31. b5 Nd4 32.
Re7 Rc4 33. a5 a6 34. b6 Nc6 35. Re2 Bb1 36. Nd5 Nxa5 37. Re7 Ba2 38. Nc7 Rc6 39. Na8 Nc4 40. Rxb7 a5 41. Rc7 Nxb6 42. Rxc6 Nxa8 43. Ra6 Nc7 44. Rxa5 Be6 45. Ra7 Nd5 46. Ne4 Nf4 47. Nc3 Kf6 48. Kf2 Nd3+ 49. Ke3 Ne5 50. g4 Nc4+ 51. Kf4 Nd6 52. Ne4+ Nxe4 53. Kxe4 Kg5 54.
Kf3 Kh4 55. Kg2 Bd5+ 56. Kh2 Be6 57. Ra6 Kg5 58. Ra4 Kh4 59. Rb4 Bd5 60. Rb5 Be6 61.
Rb4 Bd5 62. Rb8 Be6 63. Rh8+ Kg5 64. Kg3 Kf6 65. h4 Kg7 66. Rb8 Kf6 67. g5+ Kg7 68. Kf4 Bc4 69. Ke5 Be6 70. Rb7 Bc4 71. Re7 Bb3 72.
Kd6 Bc4 73. Re5 Bb3 74. Ke7 Bc4 75. Rc5 Be6 76. Rc3 Bd5 77. Re3 Bc4 78. Re1 Bd5 79.
Kd6 Bc4 80. Ke5 Bb3 81. Kf4 Bc4 82. Kg4 Be6+ 83. Rxe6 fxe6 84. Kf4 Kf7 85. Ke4 Ke7 86.
Ke5 Kf7 87. Kd6 e5 88. Kxe5 Ke7 89. Kd5 Kd7 90. Ke5 1-0